 Dungeon Crawl Stone Soup version 0.20.1-1-g8b1a95d (webtiles) character file.

57 Schiappus the Chopper (level 3, 0/33 HPs)
             Began as a Minotaur Berserker on Nov 1, 2017.
             Was a Believer of Trog.
             Slain by a gnoll
             ... wielding a +0 flail
              (10 damage)
             ... on level 2 of the Dungeon.
             The game lasted 00:04:22 (1331 turns).

Schiappus the Chopper (Minotaur Berserker)          Turns: 1331, Time: 00:04:23

Health: 0/33       AC:  3    Str: 21    XL:     3   Next: 73%
Magic:  2/2        EV: 12    Int:  4    God:    Trog [**....]
Gold:   97         SH:  0    Dex: 10    Spells: 2/2 levels left

rFire    . . .     SeeInvis +   a - +0 hand axe
rCold    . . .     Gourm    .   (no shield)
rNeg     . . .     Faith    .   b - +1 animal skin
rPois    .         Spirit   .   (helmet restricted)
rElec    .         Reflect  .   (no cloak)
rCorr    .         Harm     .   (no gloves)
MR       .....                  (no boots)
Stlth    ++........             (no amulet)
Regen    0.2/turn               (no ring)
MPRegen  0.1/turn               (no ring)

@: no status effects
A: retaliatory headbutt, horns 2, camouflage 1, see invisible
a: Berserk, Trog's Hand, Burn Spellbooks, Renounce Religion


You were on level 2 of the Dungeon.
You worshipped Trog.
Trog was pleased with you.
You were not hungry.

You visited 1 branch of the dungeon, and saw 2 of its levels.

You collected 97 gold pieces.

Inventory:

Hand Weapons
 a - a +0 hand axe (weapon)
Armour
 b - a +1 animal skin (worn)
Jewellery
 j - a +6 ring of dexterity {unknown}
Scrolls
 e - a scroll of recharging {unknown}
 k - a scroll of identify
Potions
 f - a potion of curing
 l - 2 potions of brilliance {unknown}
Comestibles
 c - a bread ration
 d - 3 chunks of flesh
 g - a royal jelly
 h - a meat ration
 i - 3 fruits


   Skills:
 + Level 4.2 Fighting
 + Level 4.5 Axes
 + Level 2.8 Armour
 + Level 2.3 Dodging
 + Level 1.1 Stealth


You had 2 spell levels left.
You didn't know any spells.

Dungeon Overview and Level Annotations

Branches:
Dungeon (2/15)

Altars:


Innate Abilities, Weirdness & Mutations

You reflexively headbutt those who attack you in melee.
You have a pair of horns on your head.
Your skin changes colour to match your surroundings (Stealth+).
You have supernaturally acute eyesight. (SInv)


Message History

You headbutt the gnoll, but do no damage.
You hit the gnoll.
The gnoll is severely wounded.
The gnoll barely misses you. You furiously retaliate!
You headbutt the gnoll.
You kill the gnoll!
Trog accepts your kill.
Your Stealth skill increases to level 1!
The gnoll misses you.
You see here a whip.
You hit the gnoll.
The gnoll is moderately wounded.
You hit the gnoll. The gnoll hits you. The gnoll hits you with a flail!
You closely miss the gnoll.
The gnoll is moderately wounded.
You barely miss the gnoll. The gnoll closely misses you.
The gnoll hits you with a flail.
You closely miss the gnoll.
The gnoll is moderately wounded.
You hit the gnoll. The gnoll hits you! The gnoll hits you with a flail!
You die...

# #.#.#
#.#.#.....<........##'#'#
# #.#.#
#.#.###.####.#####....#.#
# #.#.# #.#............#
####.#.# #
#.#.###.#####.####.#.#
####.#.# # #.#[......#
#..# #.#.# #....#.#
###.......#.# ##.# #.#.#
#....#.# ).#....(..#.#
#.###.#.# #....#.#
#.#.##.####.#
#..##.#.###....#.#
..#....####.#
#@.............#
######......#
#gg##.#.###.[..#.#
#....#.######
#...#.#.######.#.#
#.##.#.#
####.#.#.#........#.#
..##.#.#
#......#.########)#.#
####.#.#
#.##.#.#.##...###.#.#
.....#.#
#.##.#.#.##.#.....#.#
.#####.#
#.##.#...##.#####.#.# .#
#.# #.##.#...##........<#


You could see 2 gnolls.

Vanquished Creatures
  A gnoll (D:2)
  2 adders (D:2)
  A worm (D:2)
  2 leopard geckos
  3 goblins
  3 hobgoblins
  3 quokkas (D:2)
  3 bats
  A frilled lizard (D:2)
  3 kobolds
  4 rats
26 creatures vanquished.

Notes
Turn   | Place    | Note
-------+----------+-------------------------------------------
     0 | D:1      | Schiappus the Minotaur Berserker began the quest for the Orb.
     0 | D:1      | Reached XP level 1. HP: 19/19 MP: 0/0
     1 | D:1      | Noticed an electric eel
   312 | D:1      | Reached XP level 2. HP: 27/27 MP: 1/1
   672 | D:1      | Gained mutation: Your skin changes colour to match your surroundings (Stealth+). [potion of mutation]
   672 | D:1      | Gained mutation: You have supernaturally acute eyesight. (SInv) [potion of mutation]
   853 | D:2      | Reached XP level 3. HP: 33/33 MP: 2/2
  1133 | D:2      | Reached ** piety under Trog
  1327 | D:2      | Reached skill level 1 in Stealth
  1331 | D:2      | Slain by a gnoll

Skill      XL: |  1  2  3 |
---------------+----------+-----
Axes           | 4 |  4.5
Fighting       | 4 |  4.2
Stealth        | 1 |  1.1
Armour         | |  2.8
Dodging        | |  2.3

Action                   || total
-------------------------++-------
Melee: Hand axe          ||    54
       Headbutt          ||     7
  Use: Scroll            ||     4
       Potion            ||     2
 Stab: Sleeping          ||     6
  Eat: Chunk             ||     1
Armor: Animal skin       ||    10
Dodge: Dodged            ||    43
